General information
- name: BNet
- type: Ladder team game (AT/RT)
- host: Battle.net
- saver: thugniKKaforeal
map: Mur'gulOasis
- players: 8
- length: 49:15
- speed: Fast
- version: 1.26 W3XP
- replay type: Public
» download(265 KB)
Players
team 1 (loser)
ImBadButITry (
yellow | 136 APM | 3154 actions | 23:11)
3 Death Knight
2 Death Coil
1 Unholy Aura
2 Lich
1 Frost Nova
1 Frost Armor
» actions
| Assign group hotkey | 1657 | |
| Basic commands | 11 | |
| Build / train | 63 | |
| Enter build submenu | 13 | |
| Enter hero's abilities submenu | 5 | |
| Give item / drop item | 8 | |
| Right click | 915 | |
| Select / deselect | 248 | |
| Select group hotkey | 127 | |
| Use ability | 107 | |
3154 total
» units
| Acolyte | 9 | |
| Ghoul | 6 | |
| Crypt Fiend | 15 | |
30 total
» upgrades
| Creature Attack | 2 | |
| Web | 1 | |
| Burrow | 1 | |
| Creature Carapace | 2 | |
6 total
» buildings
| Ziggurat | 5 | |
| Altar of Darkness | 1 | |
| Crypt | 1 | |
| Graveyard | 1 | |
| Tomb of Relics | 1 | |
| Nerubian Tower | 5 | |
| Halls of the Dead | 2 | |
| Necropolis | 1 | |
| Black Citadel | 1 | |
| Spirit Tower | 1 | |
| Sacrificial Pit | 1 | |
20 total
» build order
00:09 Ziggurat
00:15 Altar of Darkness
00:39 Crypt
01:03 Graveyard
01:21 Ziggurat
01:36 Tomb of Relics
01:55 Nerubian Tower
01:55 Nerubian Tower
01:56 Nerubian Tower
01:56 Nerubian Tower
03:59 Halls of the Dead
03:59 Halls of the Dead
05:14 Necropolis
05:24 Ziggurat
07:37 Black Citadel
08:37 Ziggurat
08:48 Spirit Tower
11:48 Sacrificial Pit
11:50 Ziggurat
» items
| Rod of Necromancy | 1 | |
| Dust of Appearance | 1 | |
| Potion of Healing | 3 | |
| Orb of Corruption | 1 | |
| Scroll of Town Portal | 1 | |
| Healing Salve | 1 | |
8 total

»
TaMere0 (
blue | 68 APM | 1583 actions | 23:17)
5 Blademaster
3 Wind Walk
2 Critical Strike
» actions
| Assign group hotkey | 31 | |
| Basic commands | 4 | |
| Build / train | 58 | |
| Enter build submenu | 12 | |
| Enter hero's abilities submenu | 5 | |
| Right click | 710 | |
| Select / deselect | 302 | |
| Select group hotkey | 401 | |
| Use ability | 59 | |
1583 total
» units
| Peon | 8 | |
| Wind Rider | 9 | |
| Raider | 6 | |
| Kodo Beast | 6 | |
| Troll Batrider | 1 | |
30 total
» upgrades
| Ranged Weapons | 3 | |
| Armor | 2 | |
| Envenomed Spears | 1 | |
| Reinforced Defenses | 1 | |
| Melee Weapons | 2 | |
| Ensnare | 1 | |
| Pillage | 1 | |
11 total
» buildings
| Altar of Storms | 1 | |
| Orc Burrow | 5 | |
| Voodoo Lounge | 1 | |
| War Mill | 1 | |
| Stronghold | 1 | |
| Watch Tower | 2 | |
| Beastiary | 2 | |
| Fortress | 1 | |
14 total
» build order
00:05 Altar of Storms
00:18 Orc Burrow
00:46 Voodoo Lounge
01:46 War Mill
02:07 Orc Burrow
03:19 Stronghold
03:21 Orc Burrow
04:09 Watch Tower
05:14 Orc Burrow
05:46 Beastiary
05:54 Beastiary
05:57 Orc Burrow
06:01 Fortress
07:27 Watch Tower
» items
| Healing Salve | 3 | |
| Lesser Clarity Potion | 5 | |
| Scroll of Town Portal | 1 | |
9 total
LIVE. (
purple | 84 APM | 1934 actions | 23:07)
5 Priestess of the Moon
3 Trueshot Aura
2 Searing Arrows
4 Naga Sea Witch
2 Frost Arrows
2 Forked Lightning
2 Keeper of the Grove
1 Entangling Roots
1 Thorns Aura
» actions
| Assign group hotkey | 114 | |
| Basic commands | 48 | |
| Build / train | 84 | |
| Enter build submenu | 17 | |
| Enter hero's abilities submenu | 12 | |
| Remove unit from queue | 1 | |
| Right click | 476 | |
| Select / deselect | 479 | |
| Select group hotkey | 664 | |
| Use ability | 39 | |
1934 total
» units
| Wisp | 12 | |
| Archer | 18 | |
| Druid of the Talon | 5 | |
| Dryad | 8 | |
| Glaive Thrower | 3 | |
| Hippogryph | 12 | |
| Druid of the Claw | 1 | |
59 total
» upgrades
| Strength of the Moon | 3 | |
| Strength of the Wild | 2 | |
| Hippogryph Taming | 1 | |
| Moon Armor | 1 | |
7 total
» buildings
| Altar of Elders | 2 | |
| Moon Well | 6 | |
| Ancient of War | 3 | |
| Tree of Ages | 1 | |
| Hunter's Hall | 1 | |
| Tree of Eternity | 1 | |
| Ancient of Wind | 2 | |
| Ancient of Lore | 1 | |
17 total
» build order
00:09 Altar of Elders
00:11 Moon Well
00:13 Altar of Elders
01:03 Moon Well
01:34 Ancient of War
02:09 Moon Well
03:15 Moon Well
03:37 Tree of Ages
03:53 Hunter's Hall
04:22 Moon Well
06:14 Tree of Eternity
06:17 Ancient of Wind
07:42 Ancient of Lore
09:55 Ancient of War
10:01 Ancient of War
19:07 Ancient of Wind
21:59 Moon Well
» items
HOT-DANG. (
orange | 54 APM | 2679 actions | 49:15)
8 Blademaster
3 Critical Strike
3 Wind Walk
2 Bladestorm
3 Shadow Hunter
1 Hex
2 Healing Wave
1 Priestess of the Moon
1 Starfall
» actions
| Assign group hotkey | 79 | |
| Basic commands | 6 | |
| Build / train | 52 | |
| Enter build submenu | 24 | |
| Enter hero's abilities submenu | 13 | |
| Give item / drop item | 4 | |
| Right click | 1257 | |
| Select / deselect | 361 | |
| Select group hotkey | 685 | |
| Use ability | 198 | |
2679 total
» units
» upgrades
| Reinforced Defenses | 1 | |
| Envenomed Spears | 1 | |
| Ranged Weapons | 2 | |
| Armor | 2 | |
6 total
» buildings
| Altar of Storms | 2 | |
| Orc Burrow | 11 | |
| Voodoo Lounge | 1 | |
| Stronghold | 1 | |
| War Mill | 1 | |
| Beastiary | 3 | |
| Fortress | 1 | |
| Watch Tower | 37 | |
| Tree of Life | 1 | |
| Altar of Elders | 1 | |
59 total
» build order
00:08 Altar of Storms
00:21 Orc Burrow
01:06 Voodoo Lounge
02:07 Stronghold
02:20 War Mill
03:01 Orc Burrow
03:03 Orc Burrow
03:04 Orc Burrow
04:14 Orc Burrow
04:15 Orc Burrow
04:39 Beastiary
04:40 Beastiary
05:21 Beastiary
05:50 Fortress
06:52 Watch Tower
06:52 Watch Tower
06:53 Watch Tower
08:53 Watch Tower
08:54 Watch Tower
11:05 Watch Tower
11:06 Watch Tower
11:07 Watch Tower
11:07 Watch Tower
12:58 Orc Burrow
12:58 Orc Burrow
15:19 Orc Burrow
16:08 Watch Tower
16:09 Watch Tower
16:10 Watch Tower
16:10 Watch Tower
16:11 Watch Tower
19:00 Watch Tower
19:01 Watch Tower
19:01 Watch Tower
23:28 Watch Tower
23:28 Watch Tower
23:29 Watch Tower
23:29 Watch Tower
23:30 Watch Tower
23:30 Watch Tower
23:31 Watch Tower
23:31 Watch Tower
23:31 Watch Tower
23:32 Watch Tower
23:35 Watch Tower
23:35 Watch Tower
25:07 Watch Tower
25:08 Watch Tower
25:09 Watch Tower
25:09 Watch Tower
26:21 Watch Tower
26:21 Watch Tower
26:22 Watch Tower
28:45 Tree of Life
32:19 Altar of Elders
47:58 Altar of Storms
48:05 Orc Burrow
48:10 Orc Burrow
» items
| Healing Salve | 2 | |
| Orb of Lightning | 1 | |
| Staff of Teleportation | 3 | |
| Boots of Speed | 1 | |
| Potion of Mana | 2 | |
| Lesser Clarity Potion | 1 | |
10 total
team 2 (winner)
iphone5 (
green | 41 APM | 1512 actions | 36:55)
4 Archmage
1 Blizzard
1 Brilliance Aura
2 Summon Water Elemental
» actions
| Basic commands | 25 | |
| Build / train | 75 | |
| Enter build submenu | 43 | |
| Enter hero's abilities submenu | 4 | |
| Remove unit from queue | 2 | |
| Right click | 819 | |
| Select / deselect | 485 | |
| Use ability | 56 | |
1512 total
» units
| Peasant | 12 | |
| Footman | 1 | |
| Rifleman | 16 | |
| Mortar Team | 13 | |
| Siege Engine | 1 | |
43 total
» upgrades
| Gunpowder | 2 | |
| Long Rifles | 1 | |
| Fragmentation Shards | 1 | |
| Masonry | 1 | |
| Lumber Harvesting | 2 | |
| Armor | 2 | |
| Barrage | 1 | |
10 total
» buildings
| Altar of Kings | 1 | |
| Farm | 10 | |
| Barracks | 1 | |
| Scout Tower | 3 | |
| Arcane Tower | 1 | |
| Keep | 1 | |
| Blacksmith | 1 | |
| Lumber Mill | 1 | |
| Arcane Vault | 1 | |
| Workshop | 2 | |
| Castle | 1 | |
| Cannon Tower | 1 | |
| Guard Tower | 2 | |
| Town Hall | 2 | |
28 total
» build order
00:20 Altar of Kings
00:35 Farm
00:54 Barracks
01:14 Farm
01:39 Scout Tower
02:06 Arcane Tower
02:09 Farm
03:47 Keep
03:50 Blacksmith
04:27 Lumber Mill
04:46 Arcane Vault
04:54 Farm
05:34 Farm
06:15 Workshop
07:23 Castle
07:26 Scout Tower
07:42 Scout Tower
08:03 Cannon Tower
09:57 Guard Tower
10:47 Guard Tower
12:25 Farm
13:21 Farm
14:05 Farm
16:24 Farm
21:59 Workshop
22:48 Farm
27:38 Town Hall
28:13 Town Hall
» items
| Ivory Tower | 3 | |
| Potion of Healing | 2 | |
| Scroll of Regeneration | 2 | |
| Scroll of Town Portal | 1 | |
| Orb of Fire | 1 | |
9 total

»
shadot (
pink | 43 APM | 1469 actions | 34:07)
6 Blademaster
3 Wind Walk
2 Critical Strike
1 Bladestorm
4 Shadow Hunter
2 Hex
2 Healing Wave
» actions
| Assign group hotkey | 43 | |
| Basic commands | 31 | |
| Build / train | 67 | |
| ESC pressed | 6 | |
| Enter build submenu | 20 | |
| Enter hero's abilities submenu | 10 | |
| Give item / drop item | 1 | |
| Right click | 615 | |
| Select / deselect | 285 | |
| Select group hotkey | 281 | |
| Use ability | 110 | |
1469 total
» units
| Peon | 9 | |
| Grunt | 10 | |
| Tauren | 15 | |
| Troll Witch Doctor | 2 | |
36 total
» upgrades
| Melee Weapons | 1 | |
| Armor | 1 | |
| Berserker Strength | 2 | |
| Witch Doctor Training | 2 | |
6 total
» buildings
| Altar of Storms | 1 | |
| Orc Burrow | 8 | |
| Barracks | 1 | |
| Voodoo Lounge | 1 | |
| War Mill | 1 | |
| Watch Tower | 6 | |
| Stronghold | 1 | |
| Fortress | 1 | |
| Tauren Totem | 1 | |
| Spirit Lodge | 1 | |
22 total
» build order
00:08 Altar of Storms
00:24 Orc Burrow
00:51 Barracks
01:36 Voodoo Lounge
01:46 War Mill
02:27 Orc Burrow
03:06 Watch Tower
03:26 Orc Burrow
04:03 Stronghold
04:20 Watch Tower
05:41 Watch Tower
06:01 Orc Burrow
07:12 Watch Tower
07:53 Fortress
08:46 Watch Tower
08:47 Watch Tower
09:14 Orc Burrow
10:35 Tauren Totem
17:31 Orc Burrow
18:43 Orc Burrow
21:45 Spirit Lodge
21:48 Orc Burrow
» items
| Healing Salve | 4 | |
| Lesser Clarity Potion | 3 | |
| Scroll of Town Portal | 1 | |
| Orb of Lightning | 1 | |
9 total
H3RB3X (
red | 39 APM | 1926 actions | 49:15)
6 Blademaster
3 Critical Strike
2 Wind Walk
1 Bladestorm
4 Far Seer
2 Feral Spirit
2 Chain Lighting
» actions
| Assign group hotkey | 26 | |
| Basic commands | 242 | |
| Build / train | 76 | |
| Enter build submenu | 13 | |
| Enter hero's abilities submenu | 10 | |
| Give item / drop item | 3 | |
| Remove unit from queue | 4 | |
| Right click | 527 | |
| Select / deselect | 408 | |
| Select group hotkey | 440 | |
| Use ability | 176 | |
1926 total
» units
| Peon | 10 | |
| Troll Headhunter/Berserker | 7 | |
| Troll Batrider | 15 | |
| Raider | 5 | |
37 total
» upgrades
| Spiked Barricades | 1 | |
| Ranged Weapons | 2 | |
| Armor | 1 | |
| Troll Regeneration | 1 | |
| Liquid Fire | 1 | |
| Pillage | 1 | |
| Melee Weapons | 1 | |
| Ensnare | 1 | |
9 total
» buildings
| Orc Burrow | 5 | |
| Altar of Storms | 1 | |
| Barracks | 2 | |
| Voodoo Lounge | 1 | |
| War Mill | 1 | |
| Stronghold | 1 | |
| Fortress | 1 | |
| Beastiary | 2 | |
14 total
» build order
00:52 Orc Burrow
01:14 Orc Burrow
01:28 Altar of Storms
01:53 Barracks
02:00 Barracks
02:10 Voodoo Lounge
02:24 War Mill
02:38 Orc Burrow
05:18 Stronghold
05:40 Orc Burrow
08:06 Fortress
10:19 Beastiary
10:20 Beastiary
19:31 Orc Burrow
» items
| Healing Salve | 1 | |
| Scroll of Speed | 3 | |
| Lesser Clarity Potion | 1 | |
| Potion of Healing | 1 | |
| Scroll of Town Portal | 1 | |
| Orb of Lightning | 1 | |
| Boots of Speed | 1 | |
| Potion of Lesser Invulnerability | 1 | |
| Staff of Teleportation | 1 | |
| Dust of Appearance | 1 | |
12 total
thugniKKaforeal (
teal | 52 APM | 2544 actions | 49:15)
10 Blademaster
3 Wind Walk
3 Critical Strike
1 Bladestorm
3 Mirror Image
» actions
| Assign group hotkey | 132 | |
| Basic commands | 263 | |
| Build / train | 81 | |
| Enter build submenu | 66 | |
| Enter hero's abilities submenu | 10 | |
| Give item / drop item | 8 | |
| Remove unit from queue | 2 | |
| Right click | 958 | |
| Select / deselect | 485 | |
| Select group hotkey | 363 | |
| Use ability | 176 | |
2544 total
» units
» upgrades
| Armor | 3 | |
| Ranged Weapons | 3 | |
| Troll Regeneration | 1 | |
| Reinforced Defenses | 1 | |
| Envenomed Spears | 1 | |
| Liquid Fire | 1 | |
| Ensnare | 1 | |
11 total
» buildings
| Orc Burrow | 4 | |
| Altar of Storms | 1 | |
| Barracks | 1 | |
| Voodoo Lounge | 3 | |
| Stronghold | 1 | |
| War Mill | 2 | |
| Beastiary | 4 | |
| Watch Tower | 49 | |
| Fortress | 1 | |
| Great Hall | 5 | |
71 total
» build order
00:11 Orc Burrow
00:51 Altar of Storms
00:52 Barracks
01:10 Orc Burrow
01:50 Voodoo Lounge
02:50 Stronghold
04:14 War Mill
05:16 Beastiary
05:20 Beastiary
05:38 Orc Burrow
05:41 Watch Tower
05:59 Orc Burrow
06:46 Watch Tower
12:15 Fortress
13:13 Great Hall
13:19 Watch Tower
13:20 Watch Tower
13:20 Watch Tower
13:21 Watch Tower
18:33 Watch Tower
18:34 Watch Tower
18:34 Watch Tower
18:35 Watch Tower
18:36 Watch Tower
19:05 Watch Tower
19:06 Watch Tower
20:12 Great Hall
20:27 Great Hall
20:41 Voodoo Lounge
21:25 Watch Tower
21:26 Watch Tower
21:27 Watch Tower
21:28 Watch Tower
21:34 Watch Tower
21:34 Watch Tower
21:42 Watch Tower
21:43 Watch Tower
21:43 Watch Tower
22:28 Great Hall
22:31 Watch Tower
22:32 Watch Tower
22:32 Watch Tower
22:32 Watch Tower
22:33 Watch Tower
22:34 Watch Tower
22:34 Watch Tower
22:35 Watch Tower
22:36 Watch Tower
22:37 Watch Tower
23:35 Voodoo Lounge
24:45 Watch Tower
24:45 Watch Tower
24:46 Watch Tower
24:47 Watch Tower
24:53 Watch Tower
25:28 Great Hall
25:31 Watch Tower
25:32 Watch Tower
25:36 Watch Tower
26:17 Watch Tower
26:19 Watch Tower
26:20 Watch Tower
26:22 Watch Tower
26:43 Watch Tower
26:44 Watch Tower
26:46 Beastiary
26:57 Beastiary
27:16 War Mill
29:58 Watch Tower
» items
| Healing Salve | 10 | |
| Lesser Clarity Potion | 2 | |
| Scroll of Town Portal | 2 | |
| Orb of Lightning | 1 | |
| Staff of Teleportation | 1 | |
| Periapt of Vitality | 1 | |
| Dust of Appearance | 1 | |
18 total
Chat log
(00:19 / Allies) H3RB3X: bm hh
(00:28 / Allies) iphone5: tell me my friends, does money really equate to happiness?
(00:42 / All) LIVE.: i dont know about you guys...
(00:43 / Allies) thugniKKaforeal: it makes life a whole lot easier fo sure
(00:52 / All) LIVE.: but i love to bend my boaner in the mornings
(00:55 / All) LIVE.: feels so good
(01:02 / All) iphone5: lol..
(01:03 / All) thugniKKaforeal: mo money mo problems
(01:17 / Allies) iphone5: hm i like that teal
(01:20 / Allies) iphone5: that's pretty original
(01:39 / Allies) thugniKKaforeal: thanks i came up with it myself
(01:43 / Allies) thugniKKaforeal: in my new rap
(01:44 / All) LIVE.: does anyone here know what im talking about?
(01:55 / Allies) iphone5: would u like a free iphone?
(01:56 / All) thugniKKaforeal: live and let live, yo
(02:24 / All) LIVE.: tell me you guys never bent your boner?
(02:33 / All) iphone5: i do it all the time
(02:35 / All) HOT-DANG.: i am a gurl
(03:28 / All) thugniKKaforeal: retards lawl
(03:56 / All) iphone5: lol oj damn that as a fail
(04:55 / All) HOT-DANG.: fail on me part or urs
(05:23 / Allies) thugniKKaforeal: lumber please
(05:37 / All) LIVE.: u come in to my house..
(05:56 / All) LIVE.: and u take a piss in my wells
(06:02 / Allies) thugniKKaforeal: thnx nigga
(06:03 / Allies) H3RB3X: come grn
(07:02 / Allies) H3RB3X: b
(08:31 / Allies) thugniKKaforeal: dk
(08:31 / Allies) thugniKKaforeal: dk
(11:40 / Allies) thugniKKaforeal: gold plez
(13:32 / Allies) H3RB3X: brt
(14:24 / All) HOT-DANG.: how the fuck ar eu level 6 teal
(14:35 / All) iphone5: he hustles
(14:51 / All) thugniKKaforeal: mo money mo problems
(14:56 / Allies) thugniKKaforeal: lumbs
(15:28 / All) thugniKKaforeal: yellow mh?
(15:35 / All) ImBadButITry: no
(15:47 / All) iphone5: of course he'll say no lmao
(16:12 / Allies) thugniKKaforeal: I'm gonna kil lyellow
(16:14 / Allies) thugniKKaforeal: coming red?
(16:51 / Allies) iphone5: red kill oj's wyverns
(17:19 / Allies) thugniKKaforeal: tp
(18:40 / All) LIVE.: orange ur trash
(18:54 / Allies) thugniKKaforeal: need lumber bad
(19:13 / Allies) thugniKKaforeal: yall hookin me up
(19:17 / Allies) thugniKKaforeal: respect
(20:37 / Allies) H3RB3X: coming grn
(20:50 / Allies) H3RB3X: lets go grn
(20:53 / Allies) H3RB3X: ill take wyrverns
(21:48 / All) thugniKKaforeal: damn yella you a babyback bitch
(23:06 / All) thugniKKaforeal: yall went all out n shit
(24:29 / Allies) H3RB3X: b
(24:29 / Allies) H3RB3X: b
(24:30 / Allies) H3RB3X: b
(24:30 / Allies) H3RB3X: b
(26:04 / Allies) thugniKKaforeal: I don't mean to be always hittin yall up but yeah I need lumber ya feel me
(26:26 / Allies) thugniKKaforeal: thanks muh nigga
(27:06 / Allies) iphone5: LOL
(28:05 / All) iphone5: LOL
(28:10 / All) iphone5: THATS WHAT YOU GET
(28:25 / All) HOT-DANG.: u are gonna lose
(28:35 / Allies) iphone5: can i get some gold teal
(28:56 / Allies) H3RB3X: lol
(31:27 / Allies) iphone5: wow
(31:30 / Allies) iphone5: lol
(31:36 / All) thugniKKaforeal: If you want to win you gotta paypal me 10 dollars
(31:36 / Allies) iphone5: teal why?
(31:51 / Allies) iphone5: nah i'll pass
(31:54 / All) H3RB3X: lol
(32:02 / All) HOT-DANG.: damn u guys are really bad
(32:04 / All) HOT-DANG.: tee hee
(32:04 / All) thugniKKaforeal: selling warcraft win for 10 dollars
(32:09 / Allies) iphone5: i legit don't care
(32:51 / Allies) iphone5: isn't teal really funny?
(33:00 / All) HOT-DANG.: AND U only killed blues bm cuz im rusty
(33:03 / Allies) iphone5: i knew there was something original about him
(33:03 / All) HOT-DANG.: and was using 2 bms
(33:11 / All) thugniKKaforeal: Warcraft win for 10 dollars
(33:14 / All) thugniKKaforeal: who's gonna pay
(33:20 / Allies) H3RB3X: yo mama
(33:29 / All) thugniKKaforeal: Paypal me 10 dollars if you want a warcraft win
(33:39 / Allies) H3RB3X: where gonna win etherway
(33:42 / Allies) H3RB3X: your a retard
(33:53 / All) thugniKKaforeal: I'll let orange win if he agrees to pay 10 dollars for a warcraft win
(33:57 / All) HOT-DANG.: ty for tauren pink
(34:09 / All) HOT-DANG.: ah wtf
(34:22 / All) HOT-DANG.: not so loud now , are u green
(34:43 / All) iphone5: LOL
(34:51 / All) HOT-DANG.: u are one arrogant bastard
(34:53 / All) HOT-DANG.: Green
(34:53 / All) iphone5: oj can u suck my dick
(34:59 / All) iphone5: plzzz
(35:02 / All) HOT-DANG.: y would i do that
(35:12 / All) iphone5: bc u love it
(35:19 / All) iphone5: u love to deep throat it
(35:21 / All) thugniKKaforeal: 10 dollars, first come first serve
(35:26 / All) iphone5: nah
(35:28 / All) thugniKKaforeal: selling warcraft win
(35:51 / All) HOT-DANG.: god green i hate u
(35:58 / All) iphone5: lol why?
(36:07 / All) HOT-DANG.: hard base to atttack
(36:15 / All) iphone5: haha
(36:39 / All) iphone5: damn i'm pretty bored
(36:41 / All) iphone5: about to leave
(36:46 / All) iphone5: peace homies
(36:56 / All) HOT-DANG.: just the jew left
(36:57 / All) thugniKKaforeal: Warcraft win costs 10 dollars American
(37:05 / All) HOT-DANG.: he wont pay hes a jew
(38:44 / All) thugniKKaforeal: Last chance red, pay me 10 American dollars for the win
(38:51 / All) thugniKKaforeal: I'm killing all our stuff, this is no joke
(39:04 / All) H3RB3X: idc bro
(39:06 / All) H3RB3X: lol
(39:09 / All) H3RB3X: its a game
(39:17 / All) thugniKKaforeal: I can't give wins away for free, that's bad business
(39:19 / All) H3RB3X: ill go eat somthing you have fun lil kid
(39:21 / All) HOT-DANG.: are u really jewish
(40:07 / All) thugniKKaforeal: he's gonna eat a bagel
(40:09 / All) thugniKKaforeal: jew bastard
(40:29 / All) thugniKKaforeal: Daisho is a very powerful warrior but sometimes he makes sloppy mistakes
(40:33 / All) HOT-DANG.: this wasnt a bad first game, i wish u had purple he could have been really funny
(40:37 / All) thugniKKaforeal: He's a little reckless
(41:22 / All) thugniKKaforeal: Tojaro is my favorite blade master
(41:34 / All) HOT-DANG.: ive had him several times
(41:40 / All) HOT-DANG.: dont think i remember arashicage
(41:46 / All) thugniKKaforeal: Tojaro is a mighty warrior, and is always on his A game
(41:51 / All) thugniKKaforeal: Arashicage can be very powerful
(41:57 / All) thugniKKaforeal: When he's in the zone he's unstoppable
(42:25 / All) thugniKKaforeal: Once I witnessed Arashicage fend off 4 entire armies by himself
(42:29 / All) thugniKKaforeal: That was a good battle
(43:04 / All) HOT-DANG.: red are you really afk
(44:39 / All) thugniKKaforeal: This is your last chance to cough up the dough
(46:31 / All) HOT-DANG.: middle
(46:35 / All) HOT-DANG.: see if u can take on 10 kodos and a potm
(47:16 / All) HOT-DANG.: aint letting me devour ur bm
(47:20 / All) HOT-DANG.: red
(47:35 / All) thugniKKaforeal: Daisho is a little arrogant, and ferocious
(47:40 / All) thugniKKaforeal: He doesn't like to kid around
(48:00 / All) thugniKKaforeal: This is your final chance, red
(48:05 / All) thugniKKaforeal: I give you to the count of 10 to say a word
(48:08 / All) thugniKKaforeal: 1
(48:10 / All) thugniKKaforeal: 2
(48:12 / All) thugniKKaforeal: 3
(48:13 / All) thugniKKaforeal: 4
(48:15 / All) thugniKKaforeal: 5
(48:16 / All) thugniKKaforeal: 6
(48:17 / All) thugniKKaforeal: 7
(48:18 / All) thugniKKaforeal: 8
(48:20 / All) thugniKKaforeal: 9
(48:21 / All) thugniKKaforeal: 10
(48:22 / Allies) H3RB3X: a word
(48:31 / All) thugniKKaforeal: Are you going to pay me the 10 dollars I have earned?
(48:40 / All) thugniKKaforeal: Or are you going to force my hand and cause me to give you a loss?
(48:57 / Allies) H3RB3X: HAHAHAHAHAHHAHAHAHAHAHAHAHAHAHAHAHAHAHAHAHAHHAHAHAHAHAHAHAHAHAHAHAHAHAHAHAHAHHAHAAHHAHAHAHAHAHAHAHAHAHAHAHAHAHAHAHAHAHAHAHAHAHA
(49:04 / All) thugniKKaforeal: Very well, you chose this fate
(49:12 / Allies) H3RB3X: hahahahahahahahahahahahahahahahahahahahahahahahahahahahahahah'